 Dungeon Crawl Stone Soup version 0.31-a0-1227-g0136665373 (webtiles) character file.

Game seed: 15019806012713668701

206409 pokeman the Sorcerer (level 18, 0/103 HPs)
             Began as a Deep Elf Hedge Wizard on Dec 14, 2023.
             Was the Champion of Vehumet.
             Slain by a +1 halberd of pain (6 damage)
             ... on level 2 of the Elven Halls.
             The game lasted 01:56:05 (42885 turns).

pokeman the Sorcerer (Deep Elf Hedge Wizard)       Turns: 42885, Time: 01:56:05

Health: 0/103      AC: 25    Str: 10    XL:     18   Next: 7%
Magic:  47/50      EV: 10    Int: 32    God:    Vehumet [******]
Gold:   5694       SH:  7    Dex: 14    Spells: 28/69 levels left

rFire   + + +        p - +10 short sword of Tomorrow {venom, Str+3}
rCold   . . .        l - +2 buckler {rC+}
rNeg    . . .        r - +5 ring mail of the Blind Marksman {rPois SInv}
rPois   +            f - +1 helmet "Gecuzuh" {^Drain rF++ Int+4}
rElec   +            Y - +0 cloak
rCorr   .            a - +1 pair of gloves {hurl}
SInv    +            T - +2 pair of boots {Fly}
Will    +....        q - amulet of the Air {Inacc Air Fly rElec RMsl}
Stlth   ++           M - ring of fire
HPRegen 0.37/turn    o - +4 ring of protection
MPRegen 0.32/turn

%: inaccuracy (-5), repel missiles
@: flying
A: no striking features
}: 1/15 runes: decaying
a: Renounce Religion


You were on level 2 of the Elven Halls.
You worshipped Vehumet.
Vehumet was exalted by your worship.
You visited 7 branches of the dungeon, and saw 30 of its levels.
You also visited: Gauntlet and Ice Cave.

You collected 6147 gold pieces.
You spent 453 gold pieces at shops.

Inventory:

Hand Weapons
 p - the +10 short sword of Tomorrow (weapon) {venom, Str+3}
   (You found it on level 3 of the Dungeon)

   Str+3:     It affects your strength (+3).
Missiles
 y - a throwing net
 R - 12 curare-tipped darts
Armour
 a - a +1 pair of gloves of hurling (worn)
 f - the +1 helmet "Gecuzuh" (worn) {^Drain rF++ Int+4}
   (You acquired it in a Gauntlet)

   Int+4:     It affects your intelligence (+4).
   rF++:      It greatly protects you from fire.
   ^Drain:    It drains your maximum health when unequipped.
 l - a +2 buckler of cold resistance (worn)
 r - the +5 ring mail of the Blind Marksman (worn) {rPois SInv}
   (You took it off a minotaur in a Gauntlet)

   rPois:     It protects you from poison SInv: It lets you see invisible.
 T - a +2 pair of boots of flying (worn)
 Y - a +0 cloak (worn)
Magical Staves
 n - a staff of cold
Jewellery
 b - a ring of wizardry
 j - a +5 ring of evasion
 o - a +4 ring of protection (right hand)
 q - the amulet of the Air (around neck) {Inacc Air Fly rElec RMsl}
   (You took it off a minotaur in a Gauntlet)

   [amulet of nothing]

   Inacc:     It reduces the accuracy of your attacks and spells.
   Air:       It enhances your air magic.
   rElec:     It insulates you from electricity.
   Fly:       It grants you flight.
   RMsl:      It protects you from missiles.
 H - an amulet of reflection
 L - a ring of protection from cold
 M - a ring of fire (left hand)
Wands
 h - a wand of flame (22)
 i - a wand of digging (10)
 k - a wand of charming (4)
 C - a wand of mindburst (4)
 U - a wand of acid (12)
Scrolls
 c - 2 scrolls of immolation
 w - 5 scrolls of blinking
 D - 2 scrolls of poison
 E - 9 scrolls of teleportation
 F - 2 scrolls of fog
 G - a scroll of amnesia
 J - a scroll of fear
 N - a scroll of enchant armour
 O - 4 scrolls of revelation
 Q - 2 scrolls of enchant weapon
Potions
 d - 5 potions of magic
 e - 2 potions of enlightenment
 g - 2 potions of resistance
 m - 8 potions of curing
 s - 2 potions of brilliance {unknown}
 t - 3 potions of invisibility {unknown}
 u - 3 potions of haste {unknown}
 v - 7 potions of ambrosia
 x - 2 potions of heal wounds {unknown}
 z - 2 potions of berserk rage {unknown}
 A - a potion of attraction
 B - 6 potions of lignification {unknown}
 I - a potion of cancellation
 K - 7 potions of degeneration {unknown}
 P - 4 potions of might {unknown}
 V - 2 potions of mutation {unknown}


   Skills:
 - Level 8.0 Fighting
 + Level 8.0 Armour
 - Level 3.1 Dodging
 - Level 3.0 Stealth
 - Level 6.0 Shields
 * Level 26.4 Spellcasting
 + Level 16.4 Conjurations
 - Level 1.1 Summonings
 - Level 1.0 Necromancy
 - Level 1.1 Translocations
 - Level 1.0 Transmutations
 - Level 1.0 Fire Magic
 + Level 16.1 Ice Magic
 - Level 1.0 Air Magic
 - Level 3.0 Earth Magic
 - Level 1.0 Poison Magic
 - Level 1.2 Evocations


You had 28 spell levels left.
You knew the following spells:

 Your Spells              Type           Power      Damage    Failure   Level
a - Magic Dart            Conj           100%       1d8       0%          1
b - Mephitic Cloud        Conj/Pois/Air  89%        N/A       1%          3
c - Call Imp              Summ           98%        N/A       1%          2
d - Blink                 Tloc           98%        N/A       1%          2
e - Freezing Cloud        Conj/Ice/Air   53%        6-21      1%          5
f - Fireball              Conj/Fire      49%        3d19      1%          5
g - Bombard               Conj/Erth      40%        9d7       1%          6
h - Orb of Destruction    Conj           49%        9d13      1%          7
i - Iskenderun's Battles  Conj           99%        2d15      1%          5
j - Irradiate             Conj/Tmut      39%        3d24      1%          5

Your spell library contained the following spells:

 Spells                   Type           Power      Damage    Failure   Level
 Lehudib's Crystal Spear  Conj/Erth      40%        10d10     45%         8
 Fire Storm               Conj/Fire      49%        8d13      100%        9
 Shatter                  Erth           28%        3d24*     100%        9
 Freeze                   Ice            100%       1d10      0%          1
 Frozen Ramparts          Ice            100%       1d16      0%          3
 Hailstorm                Conj/Ice       98%        3d15      0%          3
 Apportation              Tloc           98%        N/A       1%          1
 Kiss of Death            Conj/Necr      100%       2d13      1%          1
 Necrotise                Necr           100%       1d9       1%          1
 Slow                     Hex            100%       N/A       1%          1
 Sting                    Tmut/Pois      100%       1d8       1%          1
 Summon Small Mammal      Summ           100%       N/A       1%          1
 Cigotuvi's Dreadful Rot  Necr/Pois/Air  100%       N/A       1%          2
 Poisonous Vapours        Pois/Air       100%       N/A       1%          2
 Dazzling Flash           Conj/Hex       100%       N/A       1%          3
 Ignite Poison            Fire/Tmut/Pois 65%        N/A       1%          3
 Volatile Blastmotes      Fire/Tloc      100%       2d18      1%          3
 Iskenderun's Mystic Bla  Conj/Tloc      78%        2d16      1%          4
 Sticky Flame             Conj/Fire      99%        2d11      1%          4
 Metabolic Englaciation   Hex/Ice        38%        N/A       1%          5
 Conjure Ball Lightning   Conj/Air       49%        3x3d17    2%          6
 Starburst                Conj/Fire      49%        6d14      2%          6
 Call Canine Familiar     Summ           49%        N/A       3%          3
 Olgreb's Toxic Radiance  Pois           48%        N/A       3%          4
 Summon Guardian Golem    Hex/Summ       45%        N/A       4%          3
 Tukima's Dance           Hex            42%        N/A       5%          3
 Passage of Golubria      Tloc           49%        N/A       11%         4
 Yara's Violent Unravell  Hex/Tmut       22%        3d10      11%         5
 Spellforged Servitor     Conj/Summ      39%        N/A       11%         7
 Dimensional Bullseye     Hex/Tloc       22%        N/A       14%         4
 Summon Forest            Summ/Tloc      24%        N/A       30%         5
 Summon Mana Viper        Hex/Summ       45%        N/A       36%         5
 Summon Cactus Giant      Summ           24%        N/A       86%         6
 Discord                  Hex            21%        N/A       100%        8
 Disjunction              Tloc           24%        N/A       100%        8
 Ignition                 Fire           32%        3d10      100%        8
 Maxwell's Capacitive Co  Air            32%        ∞         100%        8


Dungeon Overview and Level Annotations

Branches:
Dungeon (15/15)            Temple (1/1) D:4            Lair (5/5) D:10
  Swamp (4/4) Lair:3       Spider (1/4) Lair:2        Slime (0/5) Lair:5
    Orc (2/2) D:10            Elf (2/3) Orc:2        Vaults (0/5) D:13
 Depths (0/4) D:15          IceCv (visited)         Gauntlet (visited)

Altars:
Ashenzari
Cheibriados
Dithmenos
Elyvilon
Fedhas
Gozag
Hepliaklqana
Kikubaaqudgha
Makhleb
Nemelex Xobeh
Okawaru
Qazlal
Ru
Sif Muna
Trog
Uskayaw
Vehumet
Wu Jian
Xom
Yredelemnul
Zin
The Shining One
Jiyva
Lugonu

Shops:
D:6 (*=:   D:15 *   Orc:1 *   Orc:2 ([*[   Elf:1 *

Portals:
Abyss: Lair:5

Annotations:
D:15 3 runed translucent doors, Kasugh's ghost, journeyman GnWn
Lair:5 3 runed translucent doors, lucidstorm14's ghost, journeyman MiBe
Spider:1 Frances


Message History

Confirm with . or Enter, or press ? or * to list all spells.
Aiming: Magic Dart (safe; 0% risk of failure)
Press: ? - help, Shift-Dir - straight line, f/p - +2 scimitar of electrocution
Aim: a +2 scimitar of electrocution (ally target, 100% to hit)
The magic dart hits the +2 scimitar of electrocution but does no damage.
Your battlesphere fires!
The barrage of energy hits the +2 scimitar of electrocution!
The +2 scimitar of electrocution is moderately damaged.
The +2 scimitar of electrocution hits you but does no damage.
The +2 scimitar of electrocution hits you!
* * * LOW HITPOINT WARNING * * *
Casting: Magic Dart (safe; 0% risk of failure)
Confirm with . or Enter, or press ? or * to list all spells.
Aiming: Magic Dart (safe; 0% risk of failure)
Press: ? - help, Shift-Dir - straight line, f/p - +2 scimitar of electrocution
Aim: a +2 scimitar of electrocution (moderately damaged, ally target, 100% to hit)
The magic dart hits the +2 scimitar of electrocution but does no damage.
The +2 scimitar of electrocution is moderately damaged.
Your battlesphere fires!
The barrage of energy hits the +2 scimitar of electrocution!
The +2 scimitar of electrocution is severely damaged.
The +2 scimitar of electrocution hits you!
* * * LOW HITPOINT WARNING * * *
You block the +2 scimitar of electrocution's attack.
Casting: Magic Dart (safe; 0% risk of failure)
Confirm with . or Enter, or press ? or * to list all spells.
Aiming: Magic Dart (safe; 0% risk of failure)
Press: ? - help, Shift-Dir - straight line, f/p - +2 scimitar of electrocution
Aim: a +2 scimitar of electrocution (severely damaged, ally target, 100% to hit)
The magic dart hits the +2 scimitar of electrocution but does no damage.
The +2 scimitar of electrocution is severely damaged.
Your battlesphere fires!
The barrage of energy hits the +2 scimitar of electrocution!
The +2 scimitar of electrocution falls from the air.
Vehumet accepts your kill.
You start resting.
A +1 halberd of pain comes into view.
The +1 halberd of pain attacks as it pursues you!
The +1 halberd of pain hits you from afar.
You die...

########## ###........(
#........... ##....)......%...
##############....(# ..?...
............##..*.## ......
............##..@## #.....#
..).........###...#####.......
............# ##...##.........
............# ##..............
..........<.# #...............
.)..........##................
.)..........###...............
............# ##..............
.)).........# #..............


You could see a +1 halberd of pain and a friendly battlesphere.

Vanquished Creatures
  Saint Roka (Orc:2)
  Jorgrun (D:13)
  2 thorn hunters
  Kirke (Swamp:4)
  2 deep elf sorcerers (Elf:1)
  A deep elf elementalist (Elf:1)
  An orc warlord (Orc:2)
  A ghoul (Swamp:2)
  A stone giant (D:12)
  A minotaur (Gauntlet)
  6 eleionomae
  The ghost of kd29 the Grappler, a journeyman TrFi of Wu Jian (D:12)
  4 bunyips
  2 deep elf death magi
  2 shambling mangroves
  A fire dragon (Lair:3)
  Josephine (D:12)
  Fannar (D:12)
  2 ice dragons (D:15)
  19 hydras
  A great orb of eyes (Gauntlet)
  5 alligators
  3 centaur warriors
  An ogre mage (D:12)
  3 merfolk avatars (Swamp:3)
  5 boulder beetles
  3 death yaks (Lair:5)
  3 two-headed ogres
  21 dancing weapons
  4 tengu warriors
  A naga sharpshooter (D:15)
  3 thrashing horrors (Lair:5)
  Urug (Lair:2)
  Sonja (Lair:2)
  10 deep elf knights
  A pharaoh ant (Lair:2)
  3 skysharks
  A goliath frog (Swamp:3)
  An arcanist (D:15)
  9 spriggan druids
  5 bog bodies
  A glowing orange brain (shapeshifter) (D:13)
  An orange crystal statue (Lair:2)
  4 lindwurms
  11 swamp dragons
  11 deep elf archers
  A necromancer (IceCv)
  24 deep elf zephyrmancers
  7 will-o-the-wisps
  27 deep elf pyromancers
  2 orc knights (Orc:2)
  A mana viper (D:15)
  6 cyclopes
  3 orc sorcerers (Orc:2)
  An oklob plant (Gauntlet)
  6 manticores
  16 ugly things
  A salamander (D:15)
  Maurice (D:7)
  4 elephants (Lair:3)
  A water nymph (shapeshifter) (D:13)
  2 kobold blastminers (Orc:1)
  A black mamba (shapeshifter) (D:13)
  2 black mambas
  An ice statue (IceCv)
  A smoke demon (Lair:5)
  A torpor snail (Lair:4)
  Maggie (D:6)
  An unseen horror (D:12)
  6 kobold demonologists
  3 rime drakes
  11 cane toads
  An efreet (D:14)
  3 freezing wraiths (IceCv)
  7 komodo dragons
  A tengu conjurer (D:13)
  10 trolls
  14 ice devils (IceCv)
  An anaconda simulacrum (IceCv)
  6 meliai
  3 bloated husks
  2 polar bears
  A blink frog (shapeshifter) (D:13)
  2 tarantellas (Lair:2)
  2 wind drakes (shapeshifter)
  A queen bee (Lair:4)
  Grinder (D:4)
  8 hornets
  7 tyrant leeches
  A raiju (shapeshifter) (D:13)
  A raiju (Lair:5)
  27 blink frogs
  Sigmund (D:3)
  A centaur simulacrum (D:15)
  11 spriggans
  A yak (shapeshifter) (Lair:5)
  3 ynoxinuls (Lair:5)
  2 air elementals (Elf:1)
  10 wraiths
  8 slime creatures
  2 shadows (D:11)
  7 wyverns
  A basilisk (Lair:5)
  2 water elementals
  2 dire elephant simulacra (IceCv)
  2 fire elementals
  A human (shapeshifter) (Lair:5)
  A hog (Swamp:4)
  A human (Swamp:4)
  10 vampire mosquitoes
  3 death yak simulacra (IceCv)
  59 yaks
  A chaos spawn (Lair:5)
  Menkaure (D:7)
  A steam dragon (D:9)
  2 harpy simulacra (IceCv)
  16 swamp worms
  4 wargs (Orc:2)
  3 acid dragons
  21 water moccasins
  8 swamp drakes
  Duvessa (D:4)
  28 orc warriors
  A meliai simulacrum (D:14)
  3 black bears
  An ice beast (D:6)
  3 sky beasts
  8 ogres
  The ghost of lucidstorm14 the Chopper, an amateur HOFi (D:3)
  9 wolves (Lair:1)
  3 boggarts (D:15)
  29 centaurs
  7 kobold brigands
  A necrophage (Swamp:2)
  17 bullfrogs
  A gnoll sergeant (D:8)
  10 small abominations (Lair:5)
  9 scorpions
  4 cane toad simulacra (IceCv)
  7 wights
  Dowan (D:4)
  27 killer bees
  4 elephant simulacra (IceCv)
  A howler monkey (D:14)
  An electric eel (Lair:3)
  2 lava snakes (Lair:2)
  16 jellies
  3 gnoll boudas
  A hound (D:5)
  25 orc priests
  Natasha (thrice) (D:4)
  3 iguanas (D:6)
  2 sleepcaps (D:5)
  16 orc wizards
  5 hell rats (Lair:3)
  5 polar bear simulacra (IceCv)
  2 spriggan simulacra (IceCv)
  A troll simulacrum (IceCv)
  4 wolf simulacra (IceCv)
  Robin (D:3)
  8 gnolls
  8 adders
  A shadow imp (D:5)
  3 white imps
  4 ufetubi
  A worm (D:3)
  3 dart slugs
  102 orcs
  5 endoplasms
  5 giant cockroaches
  12 goblins
  8 hobgoblins
  7 jackals
  6 quokkas
  3 ball pythons
  4 bats
  4 frilled lizards
  12 kobolds
  4 rats
1045 creatures vanquished.

Vanquished Creatures (collateral kills)
  An ogre (D:6)
  A wight (D:7)
  Terence (D:2)
3 creatures vanquished.

Vanquished Creatures (others)
  A human (Swamp:4)
  2 orcs
  8 foxfires
11 creatures vanquished.

Grand Total: 1059 creatures vanquished

Notes
Turn   | Place    | Note
-------+----------+-------------------------------------------
     0 | D:1      | pokeman the Deep Elf Hedge Wizard began the quest for the
                  | Orb.
     0 | D:1      | Reached XP level 1. HP: 10/10 MP: 7/7
   261 | D:1      | Reached XP level 2. HP: 15/15 MP: 5/9
   389 | D:1      | Found a faded altar of an unknown god.
   987 | D:1      | Reached skill level 5 in Spellcasting
  1192 | D:2      | Reached XP level 3. HP: 14/20 MP: 1/11
  1196 | D:2      | Learned a level 3 spell: Mephitic Cloud
  1199 | D:2      | Learned a level 2 spell: Call Imp
  1202 | D:2      | Learned a level 2 spell: Blink
  1384 | D:2      | Found an ornate altar of the Wu Jian Council.
  1461 | D:2      | Noticed Terence
  1482 | D:2      | Killed Terence
  1483 | D:2      | Reached skill level 1 in Fighting
  1483 | D:2      | Reached skill level 1 in Armour
  1740 | D:2      | Reached XP level 4. HP: 25/25 MP: 7/13
  2637 | D:3      | Identified the +10 short sword of Tomorrow {venom, Str+3}
  2683 | D:3      | You fall into a shaft and drop 1 floor!
  2798 | D:4      | Noticed Duvessa
  2798 | D:4      | Noticed a scorpion
  2809 | D:4      | Killed a scorpion
  2810 | D:4      | Reached skill level 6 in Spellcasting
  2810 | D:4      | Reached XP level 5. HP: 29/29 MP: 10/15
  2827 | D:4      | Noticed Dowan
  2833 | D:4      | Killed Dowan
  2848 | D:4      | Killed Duvessa
  2849 | D:4      | Reached skill level 1 in Evocations
  2849 | D:4      | Reached XP level 6. HP: 16/34 MP: 4/17
  2937 | D:4      | Found a staircase to the Ecumenical Temple.
  2947 | Temple   | Entered the Ecumenical Temple
  2957 | Temple   | Became a worshipper of Vehumet
  3139 | D:3      | Reached skill level 1 in Poison Magic
  3202 | D:3      | Noticed Robin
  3213 | D:3      | Killed Robin
  3214 | D:3      | Reached skill level 1 in Ice Magic
  3214 | D:3      | Reached skill level 1 in Air Magic
  3329 | D:3      | Found a burning altar of Makhleb.
  3473 | D:3      | Noticed Sigmund
  3482 | D:3      | Killed Sigmund
  3483 | D:3      | Reached skill level 7 in Spellcasting
  3496 | D:3      | Reached * piety under Vehumet
  3496 | D:3      | Offered knowledge of Freeze by Vehumet.
  3606 | D:3      | Found a runed translucent door.
  3608 | D:3      | Noticed lucidstorm14's ghost (amateur HOFi)
  3614 | D:3      | Reached XP level 7. HP: 38/38 MP: 19/19
  3629 | D:3      | Killed lucidstorm14's ghost
  3893 | D:4      | Noticed Grinder
  4437 | D:4      | Noticed Natasha
  4441 | D:4      | Killed Natasha
  4500 | D:4      | Noticed Natasha
  4506 | D:4      | Killed Natasha
  4620 | D:4      | Found a shimmering blue altar of Sif Muna.
  4753 | D:4      | Noticed Natasha
  4760 | D:4      | Killed Natasha
  4761 | D:4      | Reached skill level 8 in Spellcasting
  5179 | D:5      | Entered Level 5 of the Dungeon
  5291 | D:5      | Found a hazy altar of Hepliaklqana.
  5734 | D:5      | Found a white marble altar of Elyvilon.
  5756 | D:5      | Reached XP level 8. HP: 44/44 MP: 19/22
  5786 | D:5      | Reached skill level 9 in Spellcasting
  5831 | D:5      | Identified the +1 robe "Bicobauclef" {rC+}
  6549 | D:6      | Noticed Maggie
  6570 | D:6      | Killed Maggie
  6571 | D:6      | Reached skill level 10 in Spellcasting
  6571 | D:6      | Reached skill level 5 in Conjurations
  6773 | D:6      | Found Niybbeod's Jewellery Boutique.
  6775 | D:6      | Found Miwkij's Book Boutique.
  6775 | D:6      | Found Hioduak's General Store.
  6783 | D:6      | Offered knowledge of Kiss of Death by Vehumet.
  6949 | D:6      | Reached ** piety under Vehumet
  7015 | D:6      | Reached XP level 9. HP: 48/48 MP: 25/25
  7333 | D:6      | Reached skill level 5 in Ice Magic
  7341 | D:6      | Reached skill level 11 in Spellcasting
  7464 | D:6      | Noticed a komodo dragon
  7470 | D:6      | Killed a komodo dragon
  7764 | D:6      | Found Muamah Helo's Weapon Boutique.
  7987 | D:7      | Found a bloodstained altar of Trog.
  8197 | D:7      | Reached skill level 12 in Spellcasting
  8262 | D:7      | Offered knowledge of Scorch by Vehumet.
  8376 | D:7      | Noticed a +0 dagger
  8430 | D:7      | Noticed Menkaure
  8442 | D:7      | Killed Menkaure
  8566 | D:7      | Noticed Maurice
  8590 | D:7      | Killed Maurice
  8591 | D:7      | Reached XP level 10. HP: 49/56 MP: 21/28
  8757 | D:7      | Noticed a +0 short sword
  8759 | D:7      | Noticed a +0 falchion
  8759 | D:7      | Noticed a +0 falchion
  8759 | D:7      | Noticed a +0 dagger
  8759 | D:7      | Noticed a +0 spear
  8759 | D:7      | Noticed a +0 short sword
  8760 | D:7      | Noticed a +0 spear
  8773 | D:7      | Found a hide-covered altar of Uskayaw.
  8928 | D:8      | Reached *** piety under Vehumet
  8961 | D:7      | Reached skill level 13 in Spellcasting
  9156 | D:8      | Learned a level 5 spell: Freezing Cloud
  9166 | D:8      | Identified the +6 sling of Boitat {flame, Fly Dex+2 SInv}
  9377 | D:8      | Found a sacrificial altar of Ru.
  9758 | D:9      | Offered knowledge of Inner Flame by Vehumet.
  9860 | D:9      | Reached skill level 14 in Spellcasting
  9942 | D:9      | Noticed a two-headed ogre
  9947 | D:9      | Killed a two-headed ogre
 10024 | D:9      | Noticed a cyclops
 10026 | D:9      | Noticed a brown ugly thing
 10029 | D:9      | Noticed a manticore
 10032 | D:9      | Killed a brown ugly thing
 10033 | D:9      | Reached XP level 11. HP: 57/61 MP: 14/31
 10200 | D:9      | Reached **** piety under Vehumet
 10462 | D:9      | Found a shimmering altar of Xom.
 10463 | D:9      | Found a basalt altar of Yredelemnul.
 10465 | D:9      | Found a blossoming altar of Fedhas.
 10465 | D:9      | Found a broken altar of Ashenzari.
 10746 | D:10     | Entered Level 10 of the Dungeon
 10750 | D:10     | Offered knowledge of Fulminant Prism by Vehumet.
 10751 | D:10     | Reached skill level 15 in Spellcasting
 10769 | D:10     | Found a stormy altar of Qazlal.
 10910 | D:10     | Reached skill level 5 in Armour
 10971 | D:10     | Noticed a two-headed ogre
 10975 | D:10     | Killed a two-headed ogre
 11366 | D:10     | Identified the +5 ring mail of Minor Irritation {Str+2}
 11451 | D:10     | Noticed a two-headed ogre
 11455 | D:10     | Killed a two-headed ogre
 11456 | D:10     | Reached skill level 16 in Spellcasting
 11540 | D:10     | Found a staircase to the Lair.
 11555 | D:10     | Found a staircase to the Orcish Mines.
 11561 | D:10     | Reached ***** piety under Vehumet
 11715 | D:10     | Offered knowledge of Bombard by Vehumet.
 11724 | D:10     | Learned a level 6 spell: Bombard
 12043 | D:11     | Reached skill level 1 in Earth Magic
 12062 | D:11     | Reached XP level 12. HP: 22/68 MP: 3/34
 12068 | D:11     | Reached skill level 5 in Fighting
 12455 | D:11     | Found a glowing silver altar of Zin.
 13544 | D:12     | Reached skill level 10 in Conjurations
 13596 | D:12     | Noticed a centaur warrior
 13604 | D:12     | Killed a centaur warrior
 13606 | D:12     | Reached skill level 17 in Spellcasting
 14292 | D:12     | Noticed Fannar
 14298 | D:12     | Killed Fannar
 14299 | D:12     | Reached skill level 10 in Ice Magic
 14456 | D:12     | Noticed Josephine
 14463 | D:12     | Killed Josephine
 14727 | D:12     | Found a runed translucent gate.
 14727 | D:12     | Found a runed translucent gate.
 14727 | D:12     | Found a runed translucent gate.
 14728 | D:12     | Found an opulent altar of Gozag.
 14732 | D:12     | Noticed a boulder beetle
 14746 | D:12     | Killed a boulder beetle
 14764 | D:12     | Noticed kd29's ghost (journeyman TrFi)
 14764 | D:12     | Noticed an ogre mage
 14764 | D:12     | Noticed a boulder beetle
 14765 | D:12     | Noticed a stone giant
 15033 | D:11     | Identified the +7 battleaxe of Keetep {vamp, *Slow rPois
                  | Dex+6 SInv}
 15270 | D:4      | Killed Grinder
 15271 | D:4      | Reached skill level 18 in Spellcasting
 15581 | D:13     | Noticed Jorgrun
 15591 | D:13     | Killed Jorgrun
 15592 | D:13     | Reached XP level 13. HP: 54/74 MP: 17/37
 16169 | D:13     | Offered knowledge of Airstrike by Vehumet.
 16271 | D:13     | Learned a level 7 spell: Orb of Destruction
 16292 | D:13     | Found a gate to the Vaults.
 17411 | D:14     | Reached skill level 19 in Spellcasting
 18326 | D:15     | Entered Level 15 of the Dungeon
 18706 | D:15     | Found a runed translucent gate.
 18707 | D:15     | Found a runed translucent gate.
 18708 | D:15     | Found a runed translucent gate.
 18710 | D:15     | Noticed Kasugh's ghost (journeyman GnWn)
 19045 | D:15     | Found a staircase to the Depths.
 19165 | D:15     | HP: 2/74 [tengu warrior/bolt (33)]
 19484 | Lair:1   | Entered Level 1 of the Lair of Beasts
 20544 | Lair:2   | Reached XP level 14. HP: 80/80 MP: 34/39
 20581 | Lair:2   | Noticed Sonja
 20583 | Lair:2   | Reached skill level 20 in Spellcasting
 20586 | Lair:2   | Killed Sonja
 20771 | Lair:2   | Found a hole to the Spider Nest.
 21141 | Lair:2   | Noticed Urug
 21149 | Lair:2   | Killed Urug
 21444 | Lair:2   | Reached skill level 1 in Shields
 21719 | Lair:3   | Offered knowledge of Ozocubu's Refrigeration by Vehumet.
 22755 | Lair:3   | Found a staircase to the Swamp.
 23492 | Lair:4   | Reached skill level 21 in Spellcasting
 23541 | Lair:4   | Found a frozen archway.
 23608 | IceCv    | Entered an ice cave
 24136 | IceCv    | Offered knowledge of Fireball by Vehumet.
 24143 | IceCv    | Learned a level 5 spell: Fireball
 24330 | IceCv    | Found an ancient bone altar of Kikubaaqudgha.
 24360 | IceCv    | Reached skill level 1 in Fire Magic
 25296 | IceCv    | Got the Papyrus of Cold
 25554 | Lair:4   | Reached skill level 1 in Necromancy
 25969 | Lair:5   | Entered Level 5 of the Lair of Beasts
 25987 | Lair:5   | Reached XP level 15. HP: 46/84 MP: 9/42
 26515 | Lair:5   | Found a runed translucent gate.
 26515 | Lair:5   | Found a runed translucent gate.
 26515 | Lair:5   | Found a runed translucent gate.
 26515 | Lair:5   | Noticed a rockslime
 26516 | Lair:5   | Noticed an azure jelly
 26516 | Lair:5   | Noticed an acid blob
 26516 | Lair:5   | Noticed an acid blob
 26516 | Lair:5   | Noticed an azure jelly
 26517 | Lair:5   | Found a viscous altar of Jiyva.
 26517 | Lair:5   | Noticed an acid blob
 26517 | Lair:5   | Noticed an acid blob
 26517 | Lair:5   | Noticed lucidstorm14's ghost (journeyman MiBe)
 26517 | Lair:5   | Noticed an acid blob
 26517 | Lair:5   | Noticed an azure jelly
 26518 | Lair:5   | Noticed an acid blob
 26711 | Lair:5   | Reached skill level 22 in Spellcasting
 26988 | Lair:5   | Identified the ring "Jorchuvo" {Will+ Dex+2}
 27045 | Lair:5   | Offered knowledge of Eringya's Noxious Bog by Vehumet.
 27325 | Lair:5   | Found a corrupted altar of Lugonu.
 27325 | Lair:5   | Found a one-way gate to the infinite horrors of the Abyss.
 27344 | Lair:5   | Identified 3 scrolls of acquirement
 27397 | Lair:5   | Found a staircase to the Slime Pits.
 27409 | Lair:5   | Reached ****** piety under Vehumet
 28247 | Temple   | Acquired 473 gold pieces
 28248 | Temple   | Acquired 1148 gold pieces
 28249 | Temple   | Acquired 1018 gold pieces
 28396 | Orc:1    | Entered Level 1 of the Orcish Mines
 28396 | Orc:1    | Found Facs's General Store.
 28409 | Orc:1    | Bought a scroll of identify for 30 gold pieces
 28522 | Orc:2    | Entered Level 2 of the Orcish Mines
 28536 | Orc:2    | Found a staircase to the Elven Halls.
 28541 | Orc:2    | Found a gate leading to a gauntlet.
 28555 | Gauntlet | Entered a Gauntlet
 28555 | Gauntlet | Found a transporter.
 28559 | Gauntlet | Found a transporter.
 28560 | Gauntlet | Found a transporter.
 28568 | Gauntlet | Found a transporter.
 28570 | Gauntlet | Found a transporter.
 28581 | Gauntlet | Found a transporter.
 28597 | Gauntlet | Found a transporter.
 28606 | Gauntlet | Found a runed translucent door.
 28607 | Gauntlet | Found a transporter.
 28608 | Gauntlet | Found a runed translucent door.
 28617 | Gauntlet | Found a transporter.
 28631 | Gauntlet | Found a transporter.
 28634 | Gauntlet | Found a runed translucent door.
 28642 | Gauntlet | Found a transporter.
 28646 | Gauntlet | Found a transporter.
 28843 | Gauntlet | Acquired the +1 helmet "Gecuzuh" {^Drain rF++ Int+4}
 28882 | Gauntlet | Found a transporter.
 28975 | Gauntlet | Identified the ring "Paar" {rC+ rN+}
 29085 | Gauntlet | Identified the +9 war axe "Jinuimea" {heavy, Will+ Stlth+}
 29085 | Gauntlet | Identified the +5 ring mail of the Blind Marksman {rPois
                  | SInv}
 29093 | Gauntlet | Reached skill level 5 in Shields
 29195 | Gauntlet | Got Vehumet's Omnibus of Bolts
 29536 | Orc:2    | Found Acis Ysi's Assorted Antiques.
 29543 | Orc:2    | Bought a slimy steel amulet for 130 gold pieces
 29543 | Orc:2    | Identified the amulet "Tazyhaw" {Faith Regen+ rCorr} (You
                  | bought it in a shop on level 2 of the Orcish Mines)
 29543 | Orc:2    | Bought 2 brown potions for 46 gold pieces
 29889 | Orc:1    | You are sucked into a shaft and drop 1 floor!
 30632 | Orc:2    | Offered knowledge of Iskenderun's Battlesphere by Vehumet.
 30642 | Orc:2    | Noticed Saint Roka
 30653 | Orc:2    | Killed Saint Roka
 30980 | Orc:2    | Found Gybar's Antique Armour Boutique.
 30982 | Orc:2    | Found Guedghol's Antique Weapon Shop.
 31343 | Orc:2    | Reached skill level 23 in Spellcasting
 31391 | Orc:2    | Found Zekiy's Antique Armour Boutique.
 31396 | Orc:2    | Bought a pair of glowing boots for 247 gold pieces
 31432 | Orc:2    | Learned a level 5 spell: Iskenderun's Battlesphere
 31689 | D:15     | Found Nigguaw's Serpentskin Sales.
 32717 | D:12     | Killed kd29's ghost
 32949 | Lair:2   | Reached XP level 16. HP: 88/88 MP: 30/45
 33042 | Swamp:1  | Entered Level 1 of the Swamp
 33867 | Swamp:1  | Offered knowledge of Plasma Beam by Vehumet.
 35154 | Swamp:2  | Identified the +0 robe of Boiling Hail {Int+7}
 35511 | Swamp:3  | Reached skill level 24 in Spellcasting
 35518 | Swamp:3  | Noticed a thorn hunter
 35772 | Swamp:3  | Killed a thorn hunter
 35788 | Swamp:3  | Reached skill level 15 in Conjurations
 36723 | Swamp:4  | Entered Level 4 of the Swamp
 36726 | Swamp:4  | Noticed Kirke
 36739 | Swamp:4  | Killed Kirke
 36855 | Swamp:4  | Noticed a thorn hunter
 37008 | Swamp:4  | Reached skill level 15 in Ice Magic
 37013 | Swamp:4  | Offered knowledge of Lehudib's Crystal Spear by Vehumet.
 37013 | Swamp:4  | Offered knowledge of Fire Storm by Vehumet.
 37013 | Swamp:4  | Offered knowledge of Shatter by Vehumet.
 37020 | Swamp:4  | Reached XP level 17. HP: 81/96 MP: 19/47
 37813 | Swamp:4  | Reached skill level 25 in Spellcasting
 38189 | Swamp:4  | Got a decaying rune of Zot
 38507 | Spider:1 | Entered Level 1 of the Spider Nest
 38507 | Spider:1 | Noticed Frances
 38613 | Elf:1    | Entered Level 1 of the Elven Halls
 39803 | Elf:1    | Paralysed by an air elemental for 1 turns
 39847 | Elf:1    | Paralysed by an air elemental for 1 turns
 40428 | Elf:1    | Found Yfeong's Assorted Antiques.
 40801 | Elf:1    | Got Plog's Almanac of the Engineer
 40808 | Elf:1    | Learned a level 5 spell: Irradiate
 40982 | Elf:2    | Reached skill level 1 in Transmutations
 41278 | Elf:2    | Found a runed translucent gate.
 41278 | Elf:2    | Found a runed translucent gate.
 41278 | Elf:2    | Found a runed translucent gate.
 41642 | Elf:2    | Reached skill level 26 in Spellcasting
 42687 | Elf:2    | Reached XP level 18. HP: 103/103 MP: 40/50
 42730 | Elf:2    | HP: 4/103 [+3 trident of protection (16)]
 42882 | Elf:2    | HP: 5/103 [+2 scimitar of electrocution (10)]
 42885 | Elf:2    | Slain by a +1 halberd of pain

Illustrated notes

Levels and vault maps discovered:
D:1:      heliophobic_arrival_henge, layout_rooms, basic_ecumenical_altar,
          patterned_corridor
D:2:      layout_basic, basic_altar, minmay_liquid_box, grunt_decor_one_mirror,
          uniq_terence
D:3:      layout_loops_cross, mainiacjoe_overflow_catwalk,
          ebering_ghost_sewer_d, uniq_sigmund, uniq_robin
D:4:      layout_layer_cave, kennysheep_mini_moat,
          minmay_temple_entry_large_hall, uniq_duvessa, uniq_grinder,
          uniq_natasha
D:5:      layout_loops_ring, elyvilon_altar_3,
          mainiacjoe_overflow_small_starburst, lemuel_flamethrower_2
D:6:      cheibrodos_barr_body, layout_basic, serial_shops,
          nicolae_lakefront_shop, nicolae_shop_distant_corner_stores,
          minmay_misc_feat_four_crosses, uniq_maggie
D:7:      layout_loops_ring, nicolae_uskayaw_en_pointe,
          mainiacjoe_overflow_alcove_4, uniq_menkaure, uniq_maurice
D:8:      layout_rooms, nicolae_ru_sacrificial_ziggurat, serial_aquarium,
          aquarium_bridge_straight [aquarium_subvault_bridge,
          aquarium_subvault_wall, aquarium_subvault_bridge,
          aquarium_subvault_wall], aquarium_bridge_long_separate
          [aquarium_subvault_bridge, aquarium_subvault_bridge,
          aquarium_subvault_window, aquarium_subvault_window,
          aquarium_subvault_bridge, aquarium_subvault_wall], aquarium_window_2,
          aquarium_window_1, aquarium_window_corridor_3, aquarium_window_fake,
          aquarium_view_2b, aquarium_view_2b, aquarium_pool_2,
          minmay_misc_feat_tower, minmay_bent
D:9:      layout_loops_ring, mainiacjoe_overflow_alcove_3, grunt_tough_drop
D:10:     layout_grid_maze, nicolae_qazlal_scattered_showers,
          due_lair_maze_entry_diamond, david_orc_2
D:11:     layout_irregular_city, minivault_21, zin_scriptorium
D:12:     layout_loops_corners, ebering_ghost_gozag, uniq_fannar, uniq_josephine
D:13:     layout_basic, david_vaults_2, serial_glass, glass_columns_a,
          glass_columns_a, minmay_gold_behind_fungi, uniq_jorgrun
D:14:     layout_roguey, special_room [special_room_orc],
          minmay_tree_intersection
D:15:     grunt_enter_depths_hoard, layout_loops_ring,
          serial_library_hellmonk_big_corner, gammafunk_ghost_tricky_traps,
          guppyfry_shop_venom
Temple:   hellmonk_temple_rainy
Lair:1:   layout_gridlike
Lair:2:   layout_regular_city, nicolae_spider_entry_lesser_pyramids,
          disabler_island, uniq_sonja, uniq_urug
Lair:3:   layout_chaotic_city, skrybe_swamp_entry_bodies, hellmonk_talismancer,
          serial_bayou_shore_a
Lair:4:   layout_roguey, portal_ice_cave_entry_pillars_2, special_room
          [special_room_bee], serial_bayou_shore_b, lemuel_fruit_tree
Lair:5:   hellmonk_lair_end_abyssal_woods, layout_hall_layers,
          minmay_slime_entry_jelly_boxes, gammafunk_ghost_ooze,
          grunt_megastairs_1
Swamp:1:  layout_basic_swamp, evilmike_swamp_ruin_house_5,
          nicolae_swamp_big_swirl, swamp_pool_4, nicolae_swamp_spriggan_camp
Swamp:2:  layout_basic_swamp, infiniplex_staircase_pool, swamp_pool_3
Swamp:3:  layout_basic_swamp, hangedman_swamp_blocks, swamp_pool_1_2,
          grunt_lady_of_the_lake
Swamp:4:  swamp_alternative, layout_basic_swamp, nicolae_swamp_tree_isthmus,
          infiniplex_staircase_pool_2, uniq_kirke
Spider:1: layout_spider_delve, uniq_azrael, uniq_frances, uniq_donald
Orc:1:    layout_caves, serial_shops, shop
Orc:2:    grunt_orc_community_town_hall, layout_caves,
          grunt_orc_community_big_house_2, grunt_orc_community_big_house_2,
          grunt_orc_community_house_3, grunt_orc_community_house_3,
          grunt_orc_community_house_1, grunt_orc_community_house_3,
          gauntlet_entry_generic
Elf:1:    elf_arrival_002, layout_loops_cross, serial_shops,
          nicolae_square_shop, minmay_elf_sorcery
Elf:2:    elven_hall_of_blades_hangedman_original [nicolae_blade_little_rooms],
          layout_onion_city, dk_noncrumbling_4,
          serial_library_hellmonk_small_alcove,
          serial_library_hellmonk_angled_corner, uniq_saint_roka

Skill      XL: |  1  2  3  4  5  6  7  8  9 10 11 12 13 14 15 16 17 18 |
---------------+-------------------------------------------------------+-----
Spellcasting   | 5 6 7 8 10 12 14 16 18 19 21 23 24 26 | 26.4
Fighting       | 1 2 3 4 6 7 8 |  8.0
Armour         | 1 3 4 5 6 7 8 |  8.0
Conjurations   | 2 3 4 5 7 8 9 10 12 13 14 15 16 | 16.4
Stealth        | 3 |  3.0
Dodging        | 3 |  3.1
Evocations     | 1 |  1.2
Poison Magic   | 1 |  1.0
Ice Magic      | 1 3 4 6 7 9 10 11 12 14 15 16 | 16.1
Air Magic      | 1 |  1.0
Earth Magic    | 1 3 |  3.0
Shields        | 3 5 6 |  6.0
Fire Magic     | 1 |  1.0
Necromancy     | 1 |  1.0
Transmutations | 1 |  1.0
Summonings     | |  1.1
Translocations | |  1.1

Action                     |  1- 3 |  4- 6 |  7- 9 | 10-12 | 13-15 | 16-18 || total
---------------------------+-------+-------+-------+-------+-------+-------++-------
  Melee: Dagger            |    14 |       |       |       |       |       ||    14
         Punch             |     1 |     1 |     3 |     2 |     2 |       ||     9
         Short sword       |       |    36 |   162 |   177 |   263 |    13 ||   651
         Staff             |       |       |       |       |    11 |       ||    11
   Cast: Magic Dart        |   107 |    71 |   170 |    57 |    33 |    72 ||   510
         Mephitic Cloud    |     1 |     4 |    28 |    28 |    26 |     1 ||    88
         Call Imp          |     1 |     1 |     7 |     1 |     5 |       ||    15
         Blink             |       |       |     2 |     1 |     7 |     3 ||    13
         Freezing Cloud    |       |       |       |    80 |   207 |     6 ||   293
         Bombard           |       |       |       |    18 |   117 |    24 ||   159
         Fireball          |       |       |       |       |   100 |   352 ||   452
         Orb of Destructio |       |       |       |       |     6 |    13 ||    19
         Iskenderun's Batt |       |       |       |       |       |    14 ||    14
  Evoke: Wand              |       |       |       |     2 |     4 |       ||     6
    Use: Scroll            |       |       |       |       |    24 |     6 ||    30
         Potion            |       |       |       |       |       |     1 ||     1
   Stab: Confused          |     1 |     2 |    16 |     9 |     3 |       ||    31
         Sleeping          |       |     1 |       |       |       |       ||     1
         Distracted        |       |       |     2 |       |       |       ||     2
 Armour: Robe              |    14 |    18 |    18 |       |    43 |       ||    93
         Steam dragon scal |       |       |    76 |    71 |       |       ||   147
         Ring mail         |       |       |       |    50 |   292 |   150 ||   492
  Dodge: Dodged            |    23 |    23 |   120 |   120 |   199 |    37 ||   522
         Repelled          |       |       |       |       |     1 |     5 ||     6
  Block: Other             |       |       |       |    12 |    53 |       ||    65
         Reflection        |       |       |       |     3 |     5 |       ||     8
         Buckler           |       |       |       |       |     7 |    41 ||    48

Table legend: (Time is in decaauts)
 A = Elapsed time spent in this place.
 B = Non-inter-level travel time spent in this place.
 C = Inter-level travel time spent in this place.
 D = Time resting spent in this place.
 E = Time spent auto-exploring this place.
 F = Levels seen in this place.
 G = Mean time per level.
                   A        B        C        D        E       F      G
               +--------+--------+--------+--------+--------+-----+--------+
         Total |  43014 |  38405 |   4609 |   4362 |  27755 |  32 | 1344.2 |
       Dungeon |  21808 |  18508 |   3300 |   1285 |  14306 |  15 | 1453.9 |
        Temple |    160 |    133 |     27 |      0 |      0 |   1 |  160.0 |
          Lair |   6843 |   6124 |    719 |    308 |   4843 |   5 | 1368.6 |
         Swamp |   5013 |   4646 |    367 |    846 |   3290 |   4 | 1253.2 |
   Spider Nest |      1 |      1 |      0 |      0 |      0 |   1 |    1.0 |
  Orcish Mines |   3206 |   3059 |    147 |    836 |   1743 |   2 | 1603.0 |
   Elven Halls |   3489 |   3444 |     45 |    494 |   2450 |   2 | 1744.5 |
      Ice Cave |   1801 |   1801 |      0 |    419 |    965 |   1 | 1801.0 |
      Gauntlet |    689 |    689 |      0 |    174 |    157 |   1 |  689.0 |
               +--------+--------+--------+--------+--------+-----+--------+

Top non-repeatable levels by time:
   Orc:2: 2669 daAuts
    D:12: 2251 daAuts
   Elf:2: 2030 daAuts
     D:4: 1838 daAuts
  Lair:5: 1825 daAuts
   IceCv: 1801 daAuts
     D:6: 1768 daAuts
    D:10: 1738 daAuts
 Swamp:3: 1613 daAuts
     D:5: 1591 daAuts
  Lair:2: 1532 daAuts
    D:15: 1520 daAuts
     D:9: 1494 daAuts
 Swamp:1: 1490 daAuts
   Elf:1: 1458 daAuts
